PAA
CASPER GHOSTS @ MERCER ISLAND SCREAMING EAGLES
06/21/2022
 
TOP OF THE 1ST
Casper Ghosts batting - Pitching for Mercer Island Screaming Eagles : LHP Tim Harris
Pitching: LHP Tim Harris
Batting: SHB Tim Fowler 0-0: Called Strike
0-1: Called Strike
0-2: Foul Ball, location: 2F
0-2: Foul Ball, location: 2F
0-2: Foul Ball, location: 2F
0-2: Ball
1-2: Ball
2-2: DOUBLE (Flyball, 8RM)
Batting: RHB Warner Robinson 0-0: Ball
1-0: Called Strike
1-1: Swinging Strike
1-2: Strikes out swinging
Batting: RHB Phil Baker 0-0: Ball
1-0: Called Strike
1-1: Foul Ball, location: 2F
1-2: Ball
2-2: Foul Ball, location: 2F
2-2: Strikes out swinging
Batting: RHB Ron Coffman 0-0: Ball
1-0: Swinging Strike
1-1: Ball
2-1: Ball
3-1: Foul Ball, location: 2F
3-2: Foul Ball, location: 2F
3-2: Strikes out looking
Top of the 1st over - 0 run(s), 1 hit(s), 0 error(s), 1 left on base; Casper 0 - Mercer Island 0
BOTTOM OF THE 1ST
Mercer Island Screaming Eagles batting - Pitching for Casper Ghosts : RHP José Vega
Pitching: RHP José Vega
Batting: LHB Jorge Pérez 0-0: Swinging Strike
0-1: Ball
1-1: Foul Ball, location: 2F
1-2: Ball
2-2: Fly out, F9 (Flyball, 89S)
Batting: RHB Shawn McCormack 0-0: Ball
1-0: Foul Ball, location: 2F
1-1: Ball
2-1: Ball
3-1: Base on Balls
Batting: RHB Jason Ruffin 0-0: Ball
1-0: Ball
2-0: Ball
3-0: Called Strike
3-1: 2-RUN HOME RUN (Flyball, 9D), Distance : 370 ft
Batting: RHB Luis Antonio Hernández 0-0: Fly out, F4 (Popup, 4MD)
Batting: RHB Ted Cook 0-0: Called Strike
0-1: Ball
1-1: Ball
2-1: SINGLE (Line Drive, 7LS)
Batting: LHB Gregg Young 0-0: Ball
1-0: Ball
2-0: Ball
3-0: Called Strike
3-1: Fly out, F7 (Flyball, 7M)
Bottom of the 1st over - 2 run(s), 2 hit(s), 0 error(s), 1 left on base; Casper 0 - Mercer Island 2
TOP OF THE 2ND
Casper Ghosts batting - Pitching for Mercer Island Screaming Eagles : LHP Tim Harris
Batting: SHB Erjan Kerstens 0-0: Foul Ball, location: 2F
0-1: Swinging Strike
0-2: Ball
1-2: Ball
2-2: Ball
3-2: Fly out, F3 (Popup, 4S)
Batting: RHB Anbrosio Oppenes 0-0: Swinging Strike
0-1: DOUBLE (Line Drive, 9LS)
Batting: LHB Kyle Mann 0-0: Ball
1-0: SINGLE (Groundball, 56D)
Anbrosio Oppenes to third
Runner from 3rd tries for Home, SAFE, throw made home
Batting: RHB Roberto De La Cruz 0-0: Swinging Strike
0-1: Swinging Strike
0-2: Fly out, F7 (Flyball, 7LMF)
Batting: LHB Harrison Jones 0-0: Called Strike
0-1: Ball
1-1: SINGLE (Flyball, 7S)
Kyle Mann to second
Kyle Mann to third
Batting: SHB Tim Fowler 0-0: Called Strike
0-1: Ball
1-1: Foul Ball, location: 2F
1-2: Ground out 5-3 (Groundball, 5S)
Top of the 2nd over - 1 run(s), 3 hit(s), 0 error(s), 2 left on base; Casper 1 - Mercer Island 2
BOTTOM OF THE 2ND
Mercer Island Screaming Eagles batting - Pitching for Casper Ghosts : RHP José Vega
Batting: RHB Mario Blanco 0-0: Called Strike
0-1: SINGLE (Line Drive, 4D)
Batting: RHB Vincente Flores 0-0: Ball
1-0: Called Strike
Mario Blanco steals 2nd base
1-1: Ball
2-1: Foul Ball, location: 2F
2-2: Foul Ball, location: 2F
2-2: Foul Ball, location: 2F
2-2: Ball
3-2: Foul Ball, location: 2F
3-2: Foul Ball, location: 2F
3-2: Base on Balls
Batting: RHB Alan Rosales 0-0: Ball
1-0: Called Strike
1-1: Foul Ball, location: 2F
1-2: Ball
2-2: Ball
3-2: Base on Balls
Mario Blanco to third
Vincente Flores to second
Batting: LHB Jorge Pérez 0-0: Ball
1-0: Fly out, F8 (Flyball, 8LM)
Runner from 3rd tags up, SCORES, no throw
Batting: RHB Shawn McCormack 0-0: Grounds into double play, 6-4-3 (Groundball, 6)
Bottom of the 2nd over - 1 run(s), 1 hit(s), 0 error(s), 1 left on base; Casper 1 - Mercer Island 3
TOP OF THE 3RD
Casper Ghosts batting - Pitching for Mercer Island Screaming Eagles : LHP Tim Harris
Batting: RHB Warner Robinson 0-0: Called Strike
0-1: Ball
1-1: Fly out, F9 (Flyball, 9D)
Batting: RHB Phil Baker 0-0: Fly out, F4 (Popup, 4M)
Batting: RHB Ron Coffman 0-0: Ball
1-0: Called Strike
1-1: Foul Ball, location: 2F
1-2: Ground out 1-3 (Groundball, 13)
Top of the 3rd over - 0 run(s), 0 hit(s), 0 error(s), 0 left on base; Casper 1 - Mercer Island 3
BOTTOM OF THE 3RD
Mercer Island Screaming Eagles batting - Pitching for Casper Ghosts : RHP José Vega
Batting: RHB Jason Ruffin 0-0: Ball
1-0: Ball
2-0: SINGLE (Groundball, 3D)
Batting: RHB Luis Antonio Hernández 0-0: Called Strike
0-1: Ball
1-1: Ball
2-1: Ball
3-1: DOUBLE (Line Drive, 5D)
Jason Ruffin to third
Batting: RHB Ted Cook 0-0: Foul Ball, location: 2F
0-1: Ball
1-1: Fly out, F5 (Popup, 25F)
Batting: LHB Gregg Young 0-0: Ball
1-0: Called Strike
1-1: Called Strike
1-2: Ball
2-2: Foul Ball, location: 2F
2-2: Foul Ball, location: 2F
2-2: Ball
3-2: Foul Ball, location: 2F
3-2: Base on Balls
Batting: RHB Mario Blanco 0-0: Called Strike
0-1: GRAND SLAM HOME RUN (Flyball, 7D), Distance : 379 ft
Pitching: LHP Terry Dwyer
Batting: RHB Vincente Flores 0-0: Ball
1-0: Foul Ball, location: 2F
1-1: Swinging Strike
1-2: Ball
2-2: Ground out 5-3 (Groundball, 56)
Batting: RHB Alan Rosales 0-0: Ball
1-0: Ball
2-0: Ball
3-0: Called Strike
3-1: Base on Balls
Batting: LHB Jorge Pérez 0-0: Ball
1-0: Called Strike
1-1: Foul Ball, location: 2F
1-2: SINGLE (Groundball, 34D)
Alan Rosales to second
Runner from 2nd tries for 3rd, SAFE, throw made to third
Now in RF: Jim Unknown
Batting: RHB Shawn McCormack 0-0: Called Strike
0-1: Ball
1-1: Called Strike
1-2: Fly out, F9 (Flyball, 9S)
Bottom of the 3rd over - 4 run(s), 4 hit(s), 0 error(s), 2 left on base; Casper 1 - Mercer Island 7
TOP OF THE 4TH
Casper Ghosts batting - Pitching for Mercer Island Screaming Eagles : LHP Tim Harris
Batting: SHB Erjan Kerstens 0-0: Called Strike
0-1: Swinging Strike
0-2: Ball
1-2: Foul Ball, location: 2F
1-2: Ball
2-2: Foul Ball, location: 2F
2-2: Ball
3-2: Ground out 5-3 (Groundball, 5S)
Batting: RHB Anbrosio Oppenes 0-0: Called Strike
0-1: Foul Ball, location: 2F
0-2: Ball
1-2: Foul Ball, location: 2F
1-2: Ground out 6-3 (Groundball, 6)
Batting: LHB Kyle Mann 0-0: Ball
1-0: Ground out 6-3 (Groundball, 6S)
Top of the 4th over - 0 run(s), 0 hit(s), 0 error(s), 0 left on base; Casper 1 - Mercer Island 7
BOTTOM OF THE 4TH
Mercer Island Screaming Eagles batting - Pitching for Casper Ghosts : LHP Terry Dwyer
Batting: RHB Jason Ruffin 0-0: Ball
1-0: Called Strike
1-1: SOLO HOME RUN (Line Drive, 7D), Distance : 392 ft
Batting: RHB Luis Antonio Hernández 0-0: SOLO HOME RUN (Flyball, 8RXD), Distance : 439 ft
Batting: RHB Ted Cook 0-0: Ball
1-0: Foul Ball, location: 2F
1-1: Ball
2-1: Ball
3-1: Foul Ball, location: 2F
3-2: Fly out, F8 (Flyball, 8LD)
Batting: LHB Gregg Young 0-0: Foul Ball, location: 2F
0-1: Ball
1-1: Fly out, F9 (Flyball, 9D)
Batting: RHB Mario Blanco 0-0: Called Strike
0-1: Ground out 6-3 (Groundball, 6)
Bottom of the 4th over - 2 run(s), 2 hit(s), 0 error(s), 0 left on base; Casper 1 - Mercer Island 9
TOP OF THE 5TH
Casper Ghosts batting - Pitching for Mercer Island Screaming Eagles : LHP Tim Harris
Batting: RHB Roberto De La Cruz 0-0: Ball
1-0: Called Strike
1-1: Ball
2-1: Ball
3-1: Fly out, F7 (Popup, 7S)
Batting: LHB Jim Unknown 0-0: Ball
1-0: Ball
2-0: Ball
3-0: Called Strike
3-1: Foul Ball, location: 2F
3-2: Foul Ball, location: 2F
3-2: DOUBLE (Line Drive, 9LS)
Batting: SHB Tim Fowler 0-0: Ball
1-0: Ball
2-0: Foul Ball, location: 2F
2-1: Foul Ball, location: 2F
2-2: SINGLE (Flyball, 7S)
Jim Unknown to third
Runner from 3rd tries for Home, SAFE, no throw or cutoff
Batting: RHB Warner Robinson 0-0: Ball
1-0: SINGLE (Line Drive, 9S)
Tim Fowler to second
Batting: RHB Phil Baker 0-0: Ball
1-0: Ball
2-0: Ball
3-0: Called Strike
3-1: Grounds into double play, 5-4-3 (Groundball, 5D)
Top of the 5th over - 1 run(s), 3 hit(s), 0 error(s), 1 left on base; Casper 2 - Mercer Island 9
BOTTOM OF THE 5TH
Mercer Island Screaming Eagles batting - Pitching for Casper Ghosts : LHP Terry Dwyer
Batting: RHB Vincente Flores 0-0: Ball
1-0: Ball
2-0: SINGLE (Groundball, 13S) (infield hit)
Batting: RHB Alan Rosales 0-0: Foul Ball, location: 2F
0-1: Fly out, F7 (Flyball, 7M)
Batting: LHB Jorge Pérez 0-0: Fly out, F1 (Line Drive, 13)
0-0: Fly out, F1 (Line Drive, 13)
Batting: RHB Shawn McCormack 0-0: Foul Ball, location: 2F
0-1: Ball
1-1: Swinging Strike
1-2: Foul Ball, location: 2F
1-2: Foul Ball, location: 2F
1-2: Ball
2-2: Foul Ball, location: 2F
2-2: Ball
3-2: Base on Balls
Vincente Flores to second
Batting: RHB Jason Ruffin 0-0: Ball
1-0: Ball
2-0: Ground out 1-3 (Groundball, 13S)
Bottom of the 5th over - 0 run(s), 1 hit(s), 0 error(s), 2 left on base; Casper 2 - Mercer Island 9
TOP OF THE 6TH
Casper Ghosts batting - Pitching for Mercer Island Screaming Eagles : LHP Tim Harris
Batting: RHB Ron Coffman 0-0: Fly out, F8 (Flyball, 8LXD)
Batting: SHB Erjan Kerstens 0-0: Foul Ball, location: 2F
0-1: Foul Ball, location: 2F
0-2: Ball
1-2: Ball
2-2: Foul Ball, location: 2F
2-2: Fly out, F9 (Flyball, 89D)
Batting: RHB Anbrosio Oppenes 0-0: Ball
1-0: Foul Ball, location: 2F
1-1: Called Strike
1-2: Ball
2-2: Ball
3-2: Ground out 1-3 (Groundball, 15S)
Top of the 6th over - 0 run(s), 0 hit(s), 0 error(s), 0 left on base; Casper 2 - Mercer Island 9
BOTTOM OF THE 6TH
Mercer Island Screaming Eagles batting - Pitching for Casper Ghosts : LHP Terry Dwyer
Batting: RHB Luis Antonio Hernández 0-0: Ball
1-0: Ground out 5-3 (Groundball, 5L)
Batting: RHB Ted Cook 0-0: Ball
1-0: Foul Ball, location: 2F
1-1: Ball
2-1: Ground out 6-3 (Groundball, 6M)
Batting: LHB Gregg Young 0-0: Reached on error, E4 (Groundball, 34)
Batting: RHB Mario Blanco 0-0: Ball
1-0: Foul Ball, location: 2F
1-1: Ball
2-1: Fly out, F6 (Popup, 56)
Bottom of the 6th over - 0 run(s), 0 hit(s), 1 error(s), 1 left on base; Casper 2 - Mercer Island 9
TOP OF THE 7TH
Casper Ghosts batting - Pitching for Mercer Island Screaming Eagles : LHP Tim Harris
Pitching: RHP Marcos Mesa
Batting: LHB Kyle Mann 0-0: Swinging Strike
0-1: Ball
1-1: Ball
2-1: Swinging Strike
2-2: Foul Ball, location: 2F
2-2: SINGLE (Flyball, 8LS)
Batting: RHB Roberto De La Cruz 0-0: Ball
1-0: Grounds into double play, U4-3 (Groundball, 4)
Batting: LHB Jim Unknown 0-0: Ball
1-0: Ball
2-0: Called Strike
2-1: SINGLE (Line Drive, 4MD)
Batting: SHB Tim Fowler 0-0: Reached on error, E3 (Groundball, 3)
Jim Unknown to second
Batting: RHB Warner Robinson 0-0: Called Strike
0-1: Called Strike
0-2: Ball
1-2: Foul Ball, location: 2F
1-2: Ball
2-2: Strikes out looking
Top of the 7th over - 0 run(s), 2 hit(s), 1 error(s), 2 left on base; Casper 2 - Mercer Island 9
BOTTOM OF THE 7TH
Mercer Island Screaming Eagles batting - Pitching for Casper Ghosts : LHP Terry Dwyer
Batting: RHB Vincente Flores 0-0: Called Strike
0-1: Ball
1-1: Fly out, F7 (Flyball, 78M)
Batting: RHB Alan Rosales 0-0: Ball
1-0: Swinging Strike
1-1: Foul Ball, location: 2F
1-2: Foul Ball, location: 2F
1-2: Foul Ball, location: 2F
1-2: Ball
2-2: Foul Ball, location: 2F
2-2: Foul Ball, location: 2F
2-2: Ball
3-2: Fly out, F7 (Flyball, 7D)
Batting: LHB Jorge Pérez 0-0: Ball
1-0: Swinging Strike
1-1: Ball
2-1: Ball
3-1: Base on Balls
Batting: RHB Shawn McCormack 0-0: Called Strike
0-1: Fielders Choice at 2nd, 5-4 (Groundball, 5)
Bottom of the 7th over - 0 run(s), 0 hit(s), 0 error(s), 0 left on base; Casper 2 - Mercer Island 9
TOP OF THE 8TH
Casper Ghosts batting - Pitching for Mercer Island Screaming Eagles : RHP Marcos Mesa
Batting: RHB Phil Baker 0-0: Ball
1-0: Ball
2-0: Called Strike
2-1: Foul Ball, location: 2F
2-2: Ball
3-2: Base on Balls
Batting: RHB Ron Coffman 0-0: Foul Ball, location: 2F
0-1: Ball
1-1: Foul Ball, location: 2F
1-2: Foul Ball, location: 2F
1-2: Ball
2-2: Ball
3-2: Strikes out swinging
Batting: SHB Erjan Kerstens 0-0: Foul Ball, location: 2F
0-1: SINGLE (Line Drive, 34D)
Phil Baker to second
Batting: RHB Anbrosio Oppenes 0-0: Foul Ball, location: 2F
0-1: Fly out, F8 (Line Drive, 8RM)
Batting: LHB Kyle Mann 0-0: 3-RUN HOME RUN (Flyball, 9LD), Distance : 348 ft
Pitching: LHP John Kirk
Batting: RHB Roberto De La Cruz 0-0: Foul Ball, location: 2F
0-1: SINGLE (Flyball, 4MD)
Batting: LHB Jim Unknown 0-0: Called Strike
0-1: Ball
1-1: Ball
2-1: Ball
3-1: Base on Balls
Roberto De La Cruz to second
Pitching: RHP Pedro Álvarez
Batting: SHB Tim Fowler 0-0: Ball
1-0: Ball
2-0: Fly out, F9 (Flyball, 89M)
Top of the 8th over - 3 run(s), 3 hit(s), 0 error(s), 2 left on base; Casper 5 - Mercer Island 9
BOTTOM OF THE 8TH
Mercer Island Screaming Eagles batting - Pitching for Casper Ghosts : LHP Terry Dwyer
Batting: RHB Jason Ruffin 0-0: Ball
1-0: Foul Ball, location: 2F
1-1: Foul Ball, location: 2F
1-2: SINGLE (Groundball, 6M)
Batting: RHB Luis Antonio Hernández 0-0: Called Strike
0-1: Ball
1-1: Swinging Strike
1-2: Foul Ball, location: 2F
1-2: Ball
2-2: SINGLE (Groundball, 6MD)
Jason Ruffin to second
Pitching: RHP Ethan Martin
Batting: RHB Ted Cook 0-0: SINGLE (Flyball, 9LM)
Jason Ruffin to third
Luis Antonio Hernández to second
Batting: LHB Gregg Young 0-0: Swinging Strike
0-1: SINGLE (Line Drive, 4MD)
Jason Ruffin scores
Luis Antonio Hernández to third
Ted Cook to second
Batting: RHB Mario Blanco 0-0: Ball
1-0: Foul Ball, location: 2F
1-1: Ball
2-1: DOUBLE (Line Drive, 78M)
Luis Antonio Hernández scores
Ted Cook scores
Gregg Young to third
Runner from 3rd tries for Home, SAFE, no throw or cutoff
Batting: RHB Vincente Flores 0-0: Ball
1-0: Called Strike
1-1: Ball
2-1: Bunt missed!
2-2: Ground out 6-3 (Groundball, 6)
Mario Blanco to third
Batting: RHB Alan Rosales 0-0: Ball
1-0: Ball
2-0: Swinging Strike
2-1: Foul Ball, location: 2F
2-2: Strikes out swinging
Batting: LHB Jorge Pérez 0-0: Ball
1-0: SINGLE (Groundball, 4M)
Mario Blanco scores
Batting: RHB Shawn McCormack 0-0: Fly out, F8 (Flyball, 78D)
Bottom of the 8th over - 5 run(s), 6 hit(s), 0 error(s), 1 left on base; Casper 5 - Mercer Island 14
TOP OF THE 9TH
Casper Ghosts batting - Pitching for Mercer Island Screaming Eagles : RHP Pedro Álvarez
Batting: RHB Warner Robinson 0-0: Foul Ball, location: 2F
0-1: Ball
1-1: Ball
2-1: Foul Ball, location: 2F
2-2: Strikes out swinging
Batting: RHB Phil Baker 0-0: Called Strike
0-1: Ball
1-1: Foul Ball, location: 2F
1-2: Ball
2-2: Ground out 1-3 (Groundball, 13S)
Batting: RHB Ron Coffman 0-0: Ball
1-0: Ball
2-0: Called Strike
2-1: Foul Ball, location: 2F
2-2: Ball
3-2: Fly out, F3 (Popup, 3F)
Top of the 9th over - 0 run(s), 0 hit(s), 0 error(s), 0 left on base; Casper 5 - Mercer Island 14
This league is powered by Out of the Park Baseball, the baseball management simulation game for PC, Mac and Linux
Friday, April 15th, 2016 - OOTP Baseball 16.9 Build 39